 Dungeon Sprint DCSS version 0.17-a0-945-g601bd79 (webtiles) character file.

1100000 ahoge the Severer (level 12, -35/80 HPs)
             Began as a Gargoyle Gladiator on May 6, 2015.
             Was an Initiate of Makhleb.
             Annihilated by a meat berserker
             ... wielding a +9 battleaxe
              (67 damage)
             ... in the Dungeon (Sprint VIII: "Arena of Blood").
             The game lasted 00:00:53 (11 turns).

ahoge the Severer (Gargoyle Gladiator)                Turns: 11, Time: 00:00:55

Health: -35/80     AC: 12    Str: 19    XL:     12   Next: 2%
Magic:  12/12      EV: 21    Int: 10    God:    Makhleb [......]
Gold:   0          SH:  0    Dex: 14    Spells: 0 memorised, 11 levels left

rFire  . . .     SeeInvis .     l - +∞ Axe of Woe
rCold  . . .     Clarity  .     b - +0 leather armour
rNeg   + . .     SustAb   .     (no shield)
rPois  ∞         Gourm    .     c - +0 helmet
rElec  +         Spirit   .     (no cloak)
rCorr  .         Warding  .     (no gloves)
rMut   .         NoTele   +     (no boots)
MR     .....                    (no amulet)
Stlth  +.........               (no ring)
                                (no ring)

@: not resistant to hostile enchantments, very unstealthy
A: negative energy resistance 1, electricity resistance, unbreathing,
petrification resistance, rot immunity, AC +8
a: Renounce Religion


You were in the Dungeon.
You worshipped Makhleb.
Makhleb was noncommittal.
You were not hungry.

You visited 1 branch

Inventory:

Hand weapons
 a - a +0 war axe
 l - the +∞ Axe of Woe (weapon)
   (You found it in the Dungeon)
Missiles
 d - 3 throwing nets (quivered)
Armour
 b - a +0 leather armour (worn)
 c - a +0 helmet (worn)
Scrolls
 k - a scroll of blinking
Potions
 f - a potion of curing
 g - a potion of heal wounds
 h - a potion of haste
 i - 2 potions of magic
 j - a potion of berserk rage
Comestibles
 e - a bread ration


   Skills:
 + Level 11.1 Fighting
 + Level 16.7 Axes
 + Level 9.9 Throwing
 + Level 15.3 Dodging


You had 11 spell levels left.
You didn't know any spells.

Dungeon Overview and Level Annotations

Branches:
Dungeon (1/1)

Altars:
Makhleb


Innate Abilities, Weirdness & Mutations

You are resistant to torment.
Your stone body is resilient (AC +8).
You are immune to poison.
You resist negative energy.
You are resistant to electric shocks.
You can survive without breathing.
You are immune to petrification.
You are immune to rotting.


Message History

Your experience leads to an increase in your attributes!
Increase (S)trength, (I)ntelligence, or (D)exterity?
You feel agile.
You have reached level 7!
You have reached level 8!
You feel stronger.
You have reached level 9!
Your experience leads to an increase in your attributes!
Increase (S)trength, (I)ntelligence, or (D)exterity?
You feel agile.
You have reached level 10!
You have reached level 11!
You have reached level 12!
Your experience leads to an increase in your attributes!
Increase (S)trength, (I)ntelligence, or (D)exterity?
You feel agile.
You feel clever.
You hear a shout! x12
The meat berserker hits you with a +9 battleaxe!!!
Ouch! That really hurt!
You die...

...# .........
##...#............
......#............
...O...............
#..................
.#........#..O....#
....#..)..#.......#
#.....@###.......###.
.......OO.O..###......
.....#.....O.._......
...#.......#.....#.
#..........#_.<._#
...#.......#.....#
....#......o._......
............###......
.......###... ..###.


You could see 5 meat berserkers.

Vanquished Creatures
  An orc (D)
1 creature vanquished.

Notes
Turn   | Place    | Note
--------------------------------------------------------------
     0 | D        | ahoge, the Gargoyle Gladiator, began the quest for the Orb.
     0 | D        | Reached XP level 1. HP: 12/12 MP: 1/1
     3 | D        | Noticed a bag of meat
     4 | D        | Became a worshipper of Makhleb the Destroyer
     5 | D        | Noticed a meat berserker
     5 | D        | Noticed a meat berserker
     6 | D        | Noticed a meat berserker
     7 | D        | Noticed a meat berserker
     7 | D        | Noticed a bag of meat
     9 | D        | Noticed a bag of meat
    10 | D        | Noticed a meat berserker
    11 | D        | Killed a bag of meat
    11 | D        | Reached skill level 11 in Fighting
    11 | D        | Reached skill level 16 in Axes
    11 | D        | Reached skill level 15 in Dodging
    11 | D        | Reached XP level 2. HP: 14/29 MP: 2/2
    11 | D        | Reached XP level 3. HP: 16/34 MP: 3/3
    11 | D        | Reached XP level 4. HP: 18/40 MP: 4/4
    11 | D        | Reached XP level 5. HP: 19/44 MP: 5/5
    11 | D        | Reached XP level 6. HP: 21/49 MP: 6/6
    11 | D        | Reached XP level 7. HP: 23/54 MP: 7/7
    11 | D        | Reached XP level 8. HP: 25/60 MP: 8/8
    11 | D        | Reached XP level 9. HP: 26/64 MP: 9/9
    11 | D        | Reached XP level 10. HP: 28/69 MP: 10/10
    11 | D        | Reached XP level 11. HP: 30/74 MP: 11/11
    11 | D        | Reached XP level 12. HP: 32/80 MP: 12/12
    11 | D        | Annihilated by a meat berserker

Action                   |  1- 3 |  4- 6 |  7- 9 | 10-12 || total
-------------------------+-------+-------+-------+-------++-------
Melee: Executioner's axe |     1 |       |       |       ||     1
